[Event "NK ABC Kwalificatie 2"]
[Site "Zoetermeer, Netherlands"]
[Date "????.??.??"]
[Round "7.13"]
[White "Thijssen, Freek"]
[Black "Mittal, Aashray"]
[Result "*"]
[TimeControl "55+10"]
[WhiteFideId "8806479"]
[BlackFideId "8924784"]
[WhiteElo "1889"]
[BlackElo "1889"]

1. e4 c5 2. Nf3 d6 3. d4 cxd4 4.
Nxd4 Nf6 5. Nc3 g6 6.
Be3 Bg7 7. f3 O-O 8. Qd2 Nc6 9. g4 h5 10. gxh5 Nxh5 11. O-O-O a6 12. Nxc6 bxc6 13. Bh6 Qa5 14. Bxg7 Kxg7 15. f4 Bg4 16. Re1 Rab8 17. Bc4 Qb4 18. Bb3 Be6 19. f5 Bxb3 20.
axb3 Qc5 21. Rhg1 *

[Event "NK ABC Kwalificatie 2"]
[Site "Zoetermeer, Netherlands"]
[Date "????.??.??"]
[Round "7.14"]
[White "Los, Evan"]
[Black "Ten Dam, Bram"]
[Result "0-1"]
[TimeControl "55+10"]
[WhiteFideId "8887274"]
[BlackFideId "8975340"]
[WhiteElo "1799"]
[BlackElo "2013"]

1. Nf3 Nf6 2. g3 g6 3. Bg2 Bg7 4. O-O O-O 5. c4 c6 6. Nc3 d5 7. cxd5 cxd5 8. d4 Nc6 9. Bf4 Qb6 10.
Qd2 Bf5 11. Rac1 Ne4 12. Qd1 Rfd8 13. Na4 Qb5 14. Re1 Rac8 15. Bf1 Qa5 16. a3 b5 17. Nc5 Nxc5 18. Rxc5 Bg4 19. e3 Bxf3 20.
Rc4 0-1

[Event "NK ABC Kwalificatie 2"]
[Site "Zoetermeer, Netherlands"]
[Date "????.??.??"]
[Round "7.15"]
[White "Yantur, Arda"]
[Black "Baarspul, Bram"]
[Result "*"]
[TimeControl "55+10"]
[WhiteFideId "8808932"]
[BlackFideId "9026171"]
[WhiteElo "1768"]
[BlackElo "1986"]

1. d4 Nf6 2. Bf4 d5 3. e3 e6 4. Nd2 c5 5. c3 Bd6 6. Bg3 O-O 7. Ngf3 Nc6 8. Qc2 h6 9. Be2 Re8 10.
Ne5 Bxe5 11. dxe5 Nd7 12. f4 Nb6 13. Nf3 Nc4 14. Bxc4 dxc4 15. Rd1 Qa5 16. a4 a6 17. O-O b5 18. Rd6 Qb6 19. Rfd1 Bb7 20.
b3 cxb3 21. Qxb3 c4 22. Qb2 Qxe3+ 23. Bf2 Qxf4 24. axb5 Nxe5 25. Nxe5 Qxe5 26. bxa6 Rxa6 27. Rxa6 Bxa6 28. Qb6 Qb5 29. Rd8 Rxd8 30. Qxd8+ Kh7 31. Qd1 Qb3 32. Qe1 Bb7 33.
h3 Kg6 34. Bd4 Kh7 35. Qg3 Qb1+ 36. Kh2 Qg6 37. Qf2 f5 38. Be5 Bd5 39. Qd2 Qf7 40. Qd4 g5 41. Qf2 Kg6 42. Qc2 *

[Event "NK ABC Kwalificatie 2"]
[Site "Zoetermeer, Netherlands"]
[Date "????.??.??"]
[Round "7.16"]
[White "Xu, Alex Z"]
[Black "Pathak, Raghav"]
[Result "0-1"]
[TimeControl "55+10"]
[WhiteFideId "8883292"]
[BlackFideId "8923849"]
[WhiteElo "1638"]
[BlackElo "1926"]

1. e4 d5 2. exd5 Nf6 3. d4 Bg4 4. Be2 Bxe2 5. Nxe2 Qxd5 6. Nbc3 Qxg2 7. Ng3 e6 8. Qe2 Bd6 9. Qf1 Qf3 10.
Qe2 Qg2 11. Qf1 Qc6 12. Bg5 Bb4 13. Nge2 Ne4 14. Bd2 Nxd2 15. Kxd2 Nd7 16. Rd1 Nf6 17. Kc1 O-O-O 18. Rg1 g6 19.
a3 Ba5 20. Rg3 h5 21. Rgd3 Bxc3 22.
Rxc3 Qd6 23. Qg2 Nd5 24. Rb3 a5 25. c4 a4 26. Rb5 Nb6 27. c5 Qd5 28. Qg3 Qc4+ 29. Nc3 Nd5 30. Ra5 Nxc3 31.
bxc3 Qd5 32. Rxa4 Qb3 33. Rb4 Qxa3+ 34. Kc2 Qa2+ 35. Rb2 Qa4+ 36. Kd2 e5 37. Qxe5 Rhe8 38. Qg3 Re4 39. f3 Rexd4+ 40. cxd4 Qxd4+ 41. Ke2 Qxd1+ 42. Kf2 Qd4+ 43. Kg2 Qxb2+ 44. Kh3 h4 45. Qg4+ Kb8 46. Qg5 Qd2 47. Kxh4 Rh8+ 48. Kg4 f5+ 0-1

[Event "NK ABC Kwalificatie 2"]
[Site "Zoetermeer, Netherlands"]
[Date "????.??.??"]
[Round "7.17"]
[White "Okita, Shinsaku"]
[Black "Seth, Aakrit"]
[Result "1/2-1/2"]
[TimeControl "55+10"]
[WhiteFideId "8910748"]
[BlackFideId "9032397"]
[WhiteElo "1873"]
[BlackElo "1876"]

1. e4 c5 2. Nf3 g6 3. d4 cxd4 4.
Nxd4 Bg7 5. Be3 Nc6 6. Nc3 Nf6 7. Be2 O-O 8. Qd2 d5 9. exd5 Nxd5 10. Nxc6 bxc6 11. Nxd5 cxd5 12. c3 Bb7 13.
O-O Qc7 14. Bh6 Rad8 15. Bxg7 Kxg7 16.
Qd4+ e5 17. Qxa7 Rd6 18. Qe3 Re6 19. a4 f5 20. f4 Rfe8 21. Bb5 R8e7 22. Rae1 Kf7 23. fxe5 Rxe5 24. Qf2 Re4 25. Bd3 Rxe1 26.
Rxe1 Rxe1+ 27. Qxe1 Bc6 28. Qg3 Qa7+ 29. Kf1 1/2-1/2